 Dungeon Crawl Stone Soup version 0.30.0-20-g3615ddf2f0 (webtiles) character file.

Game seed: 10287693407360189305

611 qw the Chopper (level 7, -1/43 HPs)
             Began as a Gargoyle Fighter on June 1, 2023.
             Slain by a two-headed ogre
             ... wielding a +0 giant club
              (10 damage)
             ... on level 5 of the Dungeon.
             The game lasted 00:02:30 (4670 turns).

qw the Chopper (Gargoyle Fighter)                   Turns: 4670, Time: 00:02:31

Health: -1/43      AC: 21    Str: 22    XL:     7   Next: 44%
Magic:  7/7        EV:  8    Int:  8    God:
Gold:   224        SH:  4    Dex:  9    Spells: 6/6 levels left

rFire   + . .        Y - +1 war axe
rCold   + . .        c - +0 buckler
rNeg    + . .        g - +0 chain mail
rPois   inf          (no helmet)
rElec   +            s - scarf {rC+ rF+}
rCorr   .            (no gloves)
SInv    .            i - +2 pair of boots
Will    +....        (no amulet) Stlth
                     h - +4 ring of protection
HPRegen 0.27/turn    m - ring of willpower
MPRegen 0.10/turn

%: no passive effects
@: about to teleport
A: sickness immunity, AC +4, negative energy resistance 1, electricity
resistance, torment resistance 1, petrification resistance
a: no special abilities


You were on level 5 of the Dungeon.
You visited 1 branch of the dungeon, and saw 5 of its levels.
You also visited: Sewer.

You collected 224 gold pieces.


Innate Abilities, Weirdness & Mutations

You are immune to sickness and miasma.
Your stone body is resilient. (AC +4)
You are immune to poison.
You resist negative energy. (rN+)
You are resistant to electric shocks. (rElec)
You are resistant to unholy torment.
You are immune to petrification.


   Skills:
 - Level 4.0 Fighting
 + Level 6.8 Axes
 - Level 3.2 Armour
 - Level 1.4 Dodging
 - Level 3.2 Shields


You had 6 spell levels left.
You didn't know any spells.
Your spell library was empty.

Inventory:

Hand Weapons
 q - a +0 morningstar
 Y - a +1 war axe (weapon)
Armour
 c - a +0 buckler (worn)
 f - a +0 cloak
 g - a +0 chain mail (worn)
 i - a +2 pair of boots (worn)
 s - a scarf of resistance (worn)
Jewellery
 h - a +4 ring of protection (left hand)
 l - a ring of protection from fire
 m - a ring of willpower (right hand)
Scrolls
 a - a scroll of identify
 o - 4 scrolls of teleportation
Potions
 b - a potion of cancellation {unknown}
 d - 3 potions of might
 e - a potion of attraction
 j - a potion of invisibility {unknown}
 n - 2 potions of heal wounds

Dungeon Overview and Level Annotations

Branches:
Dungeon (5/15)              Sewer (visited)
 Temple: D:4-7

Altars:
Cheibriados

Annotations:
D:2 1 runed translucent door, Crazy Yiuf
D:3 2 runed translucent doors, qw's ghost, weakling GrFi


Message History

You barely miss the gnoll.
The gnoll is almost dead.
You hit the gnoll.
You kill the gnoll!
The gnoll hits you but does no damage.
You slash the gnoll!
You kill the gnoll!
Things that are here:
a +0 club; a +1 spear of venom; a gnoll corpse
Enter note:
Enter note:
Enter note:
Enter note:
Enter note:
Enter note:
Enter note:
Enter note: A two-headed ogre comes into view.
It is wielding two +0 giant clubs.
The two-headed ogre shouts in stereo!
Enter note:
Enter note:
Enter note:
Enter note:
Enter note:
Enter note:
Enter note:
Enter note: You slash the two-headed ogre!
The two-headed ogre is lightly wounded.
The two-headed ogre hits you with a +0 giant club!
The two-headed ogre hits you with a +0 giant club.
You slash the two-headed ogre!
The two-headed ogre is moderately wounded.
The two-headed ogre hits you with a +0 giant club.
The two-headed ogre hits you with a +0 giant club!!
4670 ||| READING 5 scrolls of teleportation.
As you read the scroll of teleportation, it crumbles to dust.
You feel strangely unstable.
The two-headed ogre hits you with a +0 giant club!
You die...

### ..#.. #.#.##
#.#.. #.#.. ...
#.#.####.#.#
##########.#....#.#.#
..........)#..#.#.#.#
....$.O@..)).##.#.#.#
...............>..#.#
.###########..#.#.#.#
#..#...#.# #..#.....#
####..#...###.#
..............#
#######.########
#..............#


You could see a two-headed ogre.

Vanquished Creatures
  A scorpion (D:5)
  A hound (D:4)
  A jelly (D:5)
  Ijyb (D:3)
  Natasha (thrice) (D:2)
  2 iguanas
  10 adders
  4 gnolls (D:5)
  8 river rats
  A white imp (D:5)
  An ufetubus (D:4)
  A worm (D:2)
  3 dart slugs
  11 orcs
  8 endoplasms
  12 goblins
  9 hobgoblins
  4 jackals
  8 kobolds
  A quokka (D:2)
  13 ball pythons
  5 bats (D:1)
  6 frilled lizards
  12 rats
126 creatures vanquished.

Notes
Turn   | Place    | Note
-------+----------+-------------------------------------------
     0 | D:1      | qw the Gargoyle Fighter began the quest for the Orb.
     0 | D:1      | Reached XP level 1. HP: 14/14 MP: 1/1
     0 | D:1      | 0 ||| qw: Version: 0.2-a-102-gdf20003
     0 | D:1      | 0 ||| qw: Game counter: 690
     0 | D:1      | 0 ||| qw: Always use a shield: true
     0 | D:1      | 0 ||| qw: God list: Okawaru
     0 | D:1      | 0 ||| qw: Allow faded altars: false
     0 | D:1      | 0 ||| qw: Do Orc after D:15 true
     0 | D:1      | 0 ||| qw: Do second Lair branch before Depths: true
     0 | D:1      | 0 ||| qw: Lair rune preference: random
     0 | D:1      | 0 ||| qw: Plans: Normal, Zot:1-4, Slime:5, God:TSO, Crypt,
                  | Tomb, Pan, Hells, Abyss, Win
     0 | D:1      | 0 ||| PLANNING D:1-11
    56 | D:1      | Reached skill level 2 in Axes
    96 | D:1      | Reached XP level 2. HP: 18/19 MP: 2/2
   289 | D:1      | Reached skill level 3 in Axes
   308 | D:1      | 308 ||| Stepping ~*~*~tactically~*~*~ (stealth).
   316 | D:1      | Reached XP level 3. HP: 22/23 MP: 3/3
   808 | D:1      | 808 ||| UPGRADING to +0 cloak.
   813 | D:1      | 813 ||| UPGRADING to +4 ring of protection.
   814 | D:1      | 814 ||| DROPPING ring of magical power.
   815 | D:1      | 815 ||| READING 2 scrolls labelled TUNAITZ COLO.
   816 | D:1      | 816 ||| READING scroll labelled VOVATE ZOEBAN.
   817 | D:1      | 817 ||| READING scroll labelled NYDISU HUCWEU.
   818 | D:1      | 818 ||| DRINKING 2 red potions.
   819 | D:1      | 819 ||| DROPPING scroll of fog.
   820 | D:1      | 820 ||| DROPPING potion of brilliance.
   879 | D:2      | 879 ||| Stepping ~*~*~tactically~*~*~ (hiding).
   911 | D:2      | 911 ||| Stepping ~*~*~tactically~*~*~ (stealth).
   934 | D:2      | Reached XP level 4. HP: 27/28 MP: 4/4
   953 | D:2      | 953 ||| Stepping ~*~*~tactically~*~*~ (stealth).
   972 | D:2      | 972 ||| Stepping ~*~*~tactically~*~*~ (stealth).
  1040 | D:2      | Reached skill level 4 in Axes
  1073 | D:2      | Found a snail-covered altar of Cheibriados.
  1172 | D:2      | 1172 ||| Stepping ~*~*~tactically~*~*~ (hiding).
  1281 | D:2      | 1281 ||| DROPPING +0 club.
  1315 | D:2      | Noticed a great orb of eyes
  1317 | D:2      | Found a faded altar of an unknown god.
  1330 | D:2      | Noticed a shining eye
  1330 | D:2      | Noticed an eye of devastation
  1330 | D:2      | Noticed a floating eye
  1343 | D:2      | Noticed Natasha
  1354 | D:2      | Killed Natasha
  1444 | D:2      | Noticed Natasha
  1453 | D:2      | Reached XP level 5. HP: 21/32 MP: 5/5
  1457 | D:2      | Killed Natasha
  1552 | D:2      | Found a runed translucent door.
  1553 | D:2      | Noticed Crazy Yiuf
  1635 | D:2      | Noticed Natasha
  1641 | D:2      | Killed Natasha
  1642 | D:2      | Reached skill level 5 in Axes
  1722 | D:2      | 1722 ||| UPGRADING to +0 pair of boots.
  1727 | D:2      | 1727 ||| READING scroll labelled ICOSON UDGHO.
  1767 | D:2      | 1767 ||| DRINKING 2 lumpy orange potions.
  1871 | D:2      | 1871 ||| DROPPING potion of berserk rage.
  1943 | D:3      | 1943 ||| Stepping ~*~*~tactically~*~*~ (stealth).
  1945 | D:3      | 1945 ||| Stepping ~*~*~tactically~*~*~ (stealth).
  1946 | D:3      | 1946 ||| DROPPING +0 hammer.
  2051 | D:3      | 2051 ||| Stepping ~*~*~tactically~*~*~ (hiding).
  2060 | D:3      | 2060 ||| Stepping ~*~*~tactically~*~*~ (hiding).
  2092 | D:3      | 2092 ||| Stepping ~*~*~tactically~*~*~ (stealth).
  2098 | D:3      | 2098 ||| Stepping ~*~*~tactically~*~*~ (stealth).
  2101 | D:3      | 2101 ||| Stepping ~*~*~tactically~*~*~ (hiding).
  2308 | D:3      | Noticed Ijyb
  2309 | D:3      | 2309 ||| Stepping ~*~*~tactically~*~*~ (hiding).
  2310 | D:3      | 2310 ||| Stepping ~*~*~tactically~*~*~ (hiding).
  2323 | D:3      | Killed Ijyb
  2363 | D:3      | Found a large runed translucent door.
  2365 | D:3      | Found a large runed translucent door.
  2406 | D:3      | Noticed qw's ghost (weakling GrFi)
  2461 | D:3      | 2461 ||| READING scroll of enchant armour.
  2461 | D:3      | 2461 ||| ENCHANTING +0 pair of boots.
  2601 | D:3      | 2601 ||| Stepping ~*~*~tactically~*~*~ (stealth).
  2650 | D:3      | 2650 ||| UPGRADING to ring of willpower.
  2651 | D:3      | 2651 ||| DROPPING ring of flight.
  2652 | D:3      | 2652 ||| UPGRADING to ring of protection from fire.
  2654 | D:3      | 2654 ||| READING 2 scrolls of identify.
  2654 | D:3      | 2654 ||| IDENTIFYING bubbling golden potion
  2713 | D:4      | Reached XP level 6. HP: 28/38 MP: 6/6
  2751 | D:4      | 2751 ||| DROPPING +0 flail.
  2966 | D:4      | Reached skill level 1 in Dodging
  3081 | D:4      | 3081 ||| Stepping ~*~*~tactically~*~*~ (stealth).
  3475 | D:4      | 3475 ||| UPGRADING to +0 chain mail.
  3485 | D:4      | 3485 ||| DROPPING +0 scale mail.
  3486 | D:4      | 3486 ||| UPGRADING to scarf of resistance.
  3496 | D:4      | 3496 ||| UPGRADING to ring of willpower.
  3498 | D:4      | 3498 ||| READING 3 scrolls labelled YCEERE IPHEET.
  3499 | D:4      | 3499 ||| READING 2 scrolls labelled NOLIRYLESU.
  3500 | D:4      | 3500 ||| READING scroll labelled NOICEK BUHAAMEX.
  3501 | D:4      | 3501 ||| DRINKING 2 emerald potions.
  3502 | D:4      | 3502 ||| DROPPING 2 scrolls of magic mapping.
  3503 | D:4      | 3503 ||| DROPPING scroll of blinking.
  3539 | D:5      | Entered Level 5 of the Dungeon
  3540 | D:5      | 3540 ||| PLANNING SEWER
  3569 | D:5      | Identified the +0 ring mail of Coenk {rElec Int+3}
  3658 | D:5      | 3658 ||| Stepping ~*~*~tactically~*~*~ (stealth).
  3682 | D:5      | Found a glowing drain.
  3683 | D:5      | 3683 ||| Stepping ~*~*~tactically~*~*~ (water).
  3694 | D:5      | 3694 ||| DROPPING +0 ring mail of Coenk {rElec Int+3}.
  3695 | D:5      | 3695 ||| READING scroll labelled PITANA ECAROS.
  3696 | D:5      | 3696 ||| READING 2 scrolls of identify.
  3696 | D:5      | 3696 ||| IDENTIFYING sedimented pink potion
  3697 | D:5      | 3697 ||| DROPPING potion of degeneration.
  3703 | Sewer    | Entered a sewer
  3710 | Sewer    | 3710 ||| Stepping ~*~*~tactically~*~*~ (hiding).
  3711 | Sewer    | 3711 ||| Stepping ~*~*~tactically~*~*~ (hiding).
  3714 | Sewer    | 3714 ||| Stepping ~*~*~tactically~*~*~ (hiding).
  3715 | Sewer    | 3715 ||| Stepping ~*~*~tactically~*~*~ (hiding).
  3716 | Sewer    | 3716 ||| Stepping ~*~*~tactically~*~*~ (hiding).
  3738 | Sewer    | 3738 ||| READING scroll of enchant armour.
  3738 | Sewer    | 3738 ||| ENCHANTING +1 pair of boots.
  3800 | Sewer    | 3800 ||| Stepping ~*~*~tactically~*~*~ (water).
  3902 | Sewer    | Reached skill level 6 in Axes
  3902 | Sewer    | Reached XP level 7. HP: 43/43 MP: 7/7
  4357 | Sewer    | 4357 ||| READING scroll labelled YWA XALOULEHEO.
  4402 | D:5      | 4402 ||| PLANNING D:1-11
  4648 | D:5      | 4648 ||| Stepping ~*~*~tactically~*~*~ (hiding).
  4662 | D:5      | Noticed a two-headed ogre
  4669 | D:5      | HP: 9/43 [two-headed ogre/+0 giant club (21)]
  4670 | D:5      | 4670 ||| READING 5 scrolls of teleportation.
  4670 | D:5      | Slain by a two-headed ogre

Levels and vault maps discovered:
D:1:      minmay_arrival_arboretum_small, layout_basic, minmay_split_cup_large
D:2:      layout_basic, hellmonk_ecumenical_altar_watching_god, basic_altar,
          uniq_crazy_yiuf_cottage, uniq_natasha
D:3:      layout_basic, ebering_ghost_disaster_area, minmay_misc_feat_tiny,
          uniq_ijyb
D:4:      layout_gridville
D:5:      layout_basic, portal_sewer_entry_e

Skill      XL: |  1  2  3  4  5  6 |
---------------+-------------------+-----
Axes           | 2 3 4 5 6 |  6.8
Fighting       | 4 |  4.0
Dodging        | 1 |  1.4
Armour         | |  3.2
Shields        | |  3.2

Action                     |  1- 3 |  4- 6 |  7- 9 || total
---------------------------+-------+-------+-------++-------
  Melee: War axe           |   102 |   211 |    77 ||   390
  Throw: Boomerang         |       |    44 |       ||    44
    Use: Scroll            |     3 |     9 |     2 ||    14
         Potion            |     1 |     2 |       ||     3
 Armour: Scale mail        |    47 |    82 |       ||   129
         Chain mail        |       |    23 |    46 ||    69
  Dodge: Dodged            |    51 |   108 |    25 ||   184
  Block: Buckler           |    28 |    34 |    17 ||    79

Table legend:
 A = Non-vault XP
 B = Vault XP
 C = Vault XP percentage of total XP
 D = Non-vault monster count
 E = Vault monster count
 F = Vault count percentage of total count
                 A         B        C        D         E       F
            +---------+---------+-------+---------+---------+-------
      Total |     620 |     254 |  29.1 |      91 |      35 |  27.8
            +---------+---------+-------+---------+---------+-------
        D:1 |      45 |       9 |  16.7 |      26 |       4 |  13.3
        D:2 |     148 |      35 |  19.1 |      20 |       1 |   4.8
        D:3 |      34 |      38 |  52.8 |      16 |       1 |   5.9
        D:4 |     131 |       0 |   0.0 |      17 |       0 |   0.0
        D:5 |     262 |      47 |  15.2 |      12 |       8 |  40.0
      Sewer |       0 |     125 | 100.0 |       0 |      21 | 100.0
            +---------+---------+-------+---------+---------+-------
